 Dungeon Crawl Stone Soup version 0.16.1-28-gcc2312f (webtiles) character file.

811 Kidiri the Magician (level 7, -10/38 HPs)
             Began as a Deep Elf Wizard on May 28, 2015.
             Was an Initiate of Sif Muna.
             Shot with an arrow by a centaur (14 damage)
             ... on level 5 of the Dungeon on May 29, 2015.
             The game lasted 00:43:02 (5776 turns).

Kidiri the Magician (Deep Elf Wizard)               Turns: 5776, Time: 00:43:02

Health: -10/38     AC:  8    Str:  4    XL:     7   Next: 61%
Magic:  0/24       EV: 12    Int: 25    God:    Sif Muna [......]
Gold:   211        SH:  0    Dex: 18    Spells: 7 memorised, 3 levels left

rFire  . . .     SeeInvis .     g - +0 short sword
rCold  . . .     Clarity  .     p - +3 leather armour
rNeg   . . .     SustAb   .     (no shield)
rPois  .         Gourm    .     b - +1 hat
rElec  .         Spirit   .     (no cloak)
rCorr  .         Warding  .     f - +0 pair of gloves
rMut   .         Stasis   .     (no boots)
MR     .....                    (no amulet)
Stlth  ++........               x - ring of flight
                                o - +5 ring of dexterity

@: very slightly contaminated, not resistant to hostile enchantments, unstealthy
A: no striking features
a: Renounce Religion, Evoke Flight


You were on level 5 of the Dungeon.
You worshipped Sif Muna.
Sif Muna was noncommittal.
You were not hungry.

You visited 2 branches of the dungeon, and saw 6 of its levels.

You collected 211 gold pieces.

Inventory:

Hand weapons
 g - a +0 short sword (weapon)
Armour
 a - a +0 robe
 b - a +1 hat (worn)
 f - a +0 pair of gloves (worn)
 n - a +0 leather armour
 p - a +3 leather armour (worn)
Jewellery
 l - a cursed ring of teleportation
 o - a +5 ring of dexterity (left hand)
 s - an uncursed ring of see invisible {unknown}
 x - a ring of flight (right hand)
 y - a +3 ring of protection {unknown}
Magical devices
 j - a wand of teleportation (3)
Scrolls
 h - a scroll of remove curse
 w - a scroll of random uselessness
Potions
 i - a potion of might {unknown}
 k - 2 potions of brilliance
 m - 2 potions of ambrosia
 r - a potion of restore abilities {unknown}
 t - a potion of poison {unknown}
 u - a potion of curing {unknown}
 v - a potion of invisibility {unknown}
Books
 c - a book of Minor Magic

   Spells                             Type                      Level
   a - Magic Dart                     Conjuration                  1
   b - Blink                          Translocation                2
   c - Call Imp                       Summoning                    2
   d - Repel Missiles                 Charms/Air                   2
   e - Slow                           Hexes                        2
   f - Conjure Flame                  Conjuration/Fire             3
   g - Mephitic Cloud                 Conjuration/Poison/Air       3
Comestibles
 d - 4 meat rations
 z - 2 bread rations


   Skills:
 + Level 1.3 Fighting
 + Level 1.5 Short Blades
 + Level 3.2 Dodging
 + Level 3.4 Stealth
 + Level 6.1 Spellcasting
 + Level 2.5 Conjurations
 + Level 2.6 Hexes
 + Level 3.3 Charms
 + Level 2.9 Summonings
 + Level 2.7 Translocations
 + Level 2.1 Fire Magic
 + Level 2.4 Air Magic
 + Level 1.6 Poison Magic
 + Level 0.9 Invocations
 + Level 0.2 Evocations


You had 3 spell levels left.
You knew the following spells:

 Your Spells              Type           Power        Failure   Level  Hunger
a - Magic Dart            Conj           ###.         6%          1    None
b - Blink                 Tloc           N/A          10%         2    None
c - Call Imp              Summ           ###.....     10%         2    None
d - Repel Missiles        Chrm/Air       ###...       10%         2    None
e - Slow                  Hex            ###.....     10%         2    None
f - Conjure Flame         Conj/Fire      ###.....     17%         3    None
g - Mephitic Cloud        Conj/Pois/Air  ###.....     17%         3    None


Dungeon Overview and Level Annotations

Branches:
Dungeon (5/15)             Temple (1/1) D:4

Altars:
Cheibriados
Dithmenos
Elyvilon
Fedhas
Gozag
Kikubaaqudgha
Makhleb
Nemelex Xobeh
Okawaru
Qazlal
Ru
Sif Muna
Trog
Vehumet
Xom
Yredelemnul
Zin
The Shining One

Shops:
D:4 *


Message History

You see here 2 arrows.
The centaur shoots an arrow.
The arrow hits you but does no damage.
There is an open door here.
You see here an arrow.
A bat skeleton comes into view.
There's something blocking the doorway.
The bat skeleton moves out of view.
The centaur shoots an arrow.
The arrow barely misses you.
You see here an arrow.
The crimson imp blinks!
Casting: Call Imp
Confirm with . or Enter, or press ? or * to list all spells.
Aiming: Conjure Flame
Press: ? - help, Dir - move target cursor You miscast Conjure Flame.
You have a brief vision of globes of primordial fire.
The centaur shoots an arrow.
The arrow hits you!
* * * LOW HITPOINT WARNING * * *
The centaur shoots an arrow.
The arrow hits you!
You die...

#.#######)#
###########.......#.#
#..........######.#.#
##.........c##.....#.########
........5..ยง(.(c...........>#
##..........##.#.#.###.######
##.......(..##.#.#.###......#
............##.#(#.......#
..(.(.......##.#@#####)..#
.(############.#.# #...##.#
..##.....# #.#.# #......#
..##.....# #.#.# #..#####
..##.....# #.#.#####..#
..##.....#####.#........#
..''................##..#
..##..w..#####.#..#.##.##
####c....# #.#..#..#.#


You could see a centaur.

Vanquished Creatures
  A phantom (D:5)
  An ogre (D:4)
  A scorpion (D:5)
  A jelly (D:5)
  A giant frog zombie (D:5)
  A gnoll shaman (D:4)
  2 hounds
  3 worker ants
  Ijyb (D:5)
  2 hound skeletons (D:4)
  7 adders
  6 gnolls
  6 worms
  A giant gecko (D:4)
  2 oozes
  5 orcs (D:5)
  A bat zombie (D:5)
  10 hobgoblins
  2 jackals (D:2)
  4 ball pythons
  8 bats
  4 giant cockroaches
  2 giant newts
  10 goblins
  A jackal skeleton (D:5)
  6 kobolds
  12 rats
101 creatures vanquished.

Vanquished Creatures (collateral kills)
  The ghost of heinrich the Cudgeler, an average OgAM (D:4)
  An orc wizard (D:5)
2 creatures vanquished.

Vanquished Creatures (others)
  A crimson imp (D:5)
  An orc wizard (D:5)
  3 white imps
5 creatures vanquished.

Grand Total: 108 creatures vanquished

Notes
Turn   | Place    | Note
--------------------------------------------------------------
     0 | D:1      | Kidiri, the Deep Elf Wizard, began the quest for the Orb.
     0 | D:1      | Reached XP level 1. HP: 10/10 MP: 6/6
   315 | D:1      | Reached XP level 2. HP: 15/15 MP: 5/10
   319 | D:1      | Learned a level 2 spell: Blink
   322 | D:1      | Learned a level 2 spell: Call Imp
   325 | D:1      | Learned a level 2 spell: Repel Missiles
   328 | D:1      | Learned a level 2 spell: Slow
   805 | D:2      | Reached skill level 1 in Hexes
   805 | D:2      | Reached XP level 3. HP: 19/19 MP: 3/13
   887 | D:2      | Reached skill level 5 in Spellcasting
   994 | D:2      | Learned a level 3 spell: Conjure Flame
  1333 | D:2      | Reached skill level 1 in Air Magic
  1731 | D:3      | Reached XP level 4. HP: 24/24 MP: 12/17
  2224 | D:3      | Found a bloodstained altar of Trog.
  2224 | D:3      | Found a white marble altar of Elyvilon.
  2226 | D:3      | Found a sparkling altar of Nemelex Xobeh.
  2231 | D:3      | Found a radiant altar of Vehumet.
  2233 | D:3      | Found an ancient bone altar of Kikubaaqudgha.
  2238 | D:3      | Found a shadowy altar of Dithmenos.
  2239 | D:3      | Found a glowing silver altar of Zin.
  2578 | D:3      | Reached XP level 5. HP: 21/28 MP: 0/19
  2931 | D:3      | Reached skill level 1 in Short Blades
  3090 | D:4      | Reached skill level 1 in Charms
  3091 | D:4      | Noticed heinrich's ghost (average OgAM)
  3320 | D:4      | Reached skill level 1 in Fire Magic
  3423 | D:4      | Killed heinrich's ghost
  3423 | D:4      | Reached skill level 1 in Fighting
  3423 | D:4      | Reached XP level 6. HP: 24/34 MP: 5/21
  3517 | D:4      | Learned a level 3 spell: Mephitic Cloud
  3737 | D:4      | Found a basalt altar of Yredelemnul.
  3847 | D:4      | Noticed an ogre
  3874 | D:4      | Killed an ogre
  4080 | D:4      | Found a staircase to the Ecumenical Temple.
  4276 | D:4      | Found Emerr's Elemental Accessories.
  4348 | Temple   | Entered the Ecumenical Temple
  4521 | Temple   | Became a worshipper of Sif Muna the Loreminder
  4594 | D:5      | Entered Level 5 of the Dungeon
  4728 | D:5      | Reached XP level 7. HP: 31/38 MP: 1/23
  4975 | D:5      | Noticed Ijyb
  4988 | D:5      | Killed Ijyb
  5045 | D:5      | Reached skill level 1 in Poison Magic
  5320 | D:5      | Reached skill level 6 in Spellcasting
  5776 | D:5      | Shot with an arrow by a centaur

Action                   |  1- 3 |  4- 6 |  7- 9 || total
-------------------------+-------+-------+-------++-------
Melee: Short sword       |    14 |       |       ||    14
       Dagger            |       |    34 |    12 ||    46
 Cast: Magic Dart        |   118 |   176 |    64 ||   358
       Conjure Flame     |     2 |     8 |    11 ||    21
       Call Imp          |       |     6 |     6 ||    12
       Mephitic Cloud    |       |     4 |     5 ||     9
       Blink             |       |       |     3 ||     3
  Use: Scroll            |     7 |     2 |     6 ||    15
  Eat: Bread ration      |     1 |     1 |       ||     2
       Chunk             |       |     3 |     3 ||     6
